 Dungeon Crawl Stone Soup version 0.29.1-15-g9cfb28693d (webtiles) character file.

Game seed: 10466086766292471077

1907 Jase the Shield-Bearer (level 9, 0/60 HPs)
             Began as a Gnoll Wanderer on Mar 31, 2023.
             Was a Priest of Okawaru.
             Slain by a hornet (5 damage)
             ... on level 7 of the Dungeon on Apr 1, 2023.
             The game lasted 00:25:26 (8726 turns).

Jase the Shield-Bearer (Gnoll Wanderer)             Turns: 8726, Time: 00:25:26

Health: 0/60       AC: 17    Str: 15    XL:     9   Next: 16%
Magic:  16/16      EV: 13    Int: 15    God:    Okawaru [***...]
Gold:   304        SH:  6    Dex: 15    Spells: 12/18 levels left

rFire   . . .      SeeInvis .   a - +10 mace "Giqil" {protect, rC+ rN+ Will+}
rCold   + . .      Faith    .   u - +0 buckler
rNeg    + . .      Spirit   .   H - +3 leather armour
rPois   .          Reflect  .   (no helmet)
rElec   .          Harm     .   (no cloak)
rCorr   .          Rampage  .   (no gloves)
Will    +....                   (no boots)
Stlth   ++........              (no amulet)
HPRegen 0.20/turn               p - +4 ring of protection
MPRegen 0.15/turn               r - +6 ring of strength

@: under a protective aura
A: fangs 1, strong nose, distributed training, deterioration 1, frail 1
a: Renounce Religion, Heroism


You were on level 7 of the Dungeon.
You worshipped Okawaru.
Okawaru was most pleased with you.
You visited 2 branches of the dungeon, and saw 8 of its levels.
You also visited: Sewer.

You collected 304 gold pieces.

Inventory:

Hand Weapons
 a - the +10 mace "Giqil" (weapon) {protect, rC+ rN+ Will+}
   (You found it on level 3 of the Dungeon)

   It grants its wielder temporary protection when it strikes (+7 to AC).
   rC:        It protects you from cold.
   rN:        It protects you from negative energy.
   Will:      It increases your willpower.
 b - a +0 sling
 x - a +4 vampiric dagger
Missiles
 k - 2 javelins
 l - 13 poisoned darts
 n - 5 boomerangs
 C - 6 atropa-tipped darts
 G - a boomerang of dispersal
Armour
 h - a +1 ring mail of fire resistance
 u - a +0 buckler (worn)
 w - a +0 kite shield
 z - a +2 robe of resistance
 H - a +3 leather armour (worn)
Jewellery
 p - a +4 ring of protection (left hand)
 r - a +6 ring of strength (right hand)
Wands
 y - a wand of flame (16)
 B - a wand of roots (21)
 E - a wand of light (8)
Scrolls
 f - 2 scrolls of magic mapping
 g - 3 scrolls of acquirement {unknown}
 i - 6 scrolls of teleportation {unknown}
 j - a scroll of poison
 o - 4 scrolls of noise {unknown}
 t - 3 scrolls of enchant weapon
 D - a scroll of blinking {unknown}
Potions
 c - a potion of attraction
 d - a potion of brilliance
 e - a potion of resistance
 m - 2 potions of magic
 q - 2 potions of curing
 s - a potion of mutation
 v - 2 potions of invisibility {unknown}
 A - a potion of lignification {unknown}
 F - a potion of flight {unknown}


   Skills:
 + Level 4.9 Fighting
 + Level 4.1 Short Blades
 + Level 4.1 Long Blades
 + Level 4.1 Axes
 + Level 4.1 Maces & Flails
 + Level 7.8 Polearms
 + Level 4.1 Staves
 + Level 4.1 Ranged Weapons
 + Level 4.1 Throwing
 + Level 4.1 Armour
 + Level 4.1 Dodging
 + Level 4.1 Stealth
 + Level 7.8 Shields
 + Level 4.1 Unarmed Combat
 + Level 5.0 Spellcasting
 + Level 3.4 Conjurations
 + Level 3.4 Hexes
 + Level 3.4 Summonings
 + Level 3.4 Necromancy
 + Level 3.4 Translocations
 + Level 3.4 Transmutations
 + Level 3.4 Fire Magic
 + Level 3.4 Ice Magic
 + Level 5.1 Air Magic
 + Level 3.4 Earth Magic
 + Level 3.4 Poison Magic
 + Level 4.5 Invocations
 + Level 4.1 Evocations


You had 12 spell levels left.
You knew the following spells:

 Your Spells              Type           Power      Damage    Failure   Level
a - Shock                 Conj/Air       64%        1d7       4%          1
b - Swiftness             Air            19%        N/A       9%          3
c - Passwall              Tmut/Erth      11%        N/A       9%          2

Your spell library contained the following spells:

 Spells                   Type           Power      Damage    Failure   Level
 Sandblast                Erth           28%        2d8       6%          1
 Ensorcelled Hibernation  Hex/Ice        28%        N/A       9%          2
 Spider Form              Tmut/Pois      14%        N/A       19%         3
 Stone Arrow              Conj/Erth      28%        3d8       19%         3
 Anguish                  Hex/Necr       7%         N/A       52%         4


Dungeon Overview and Level Annotations

Branches:
Dungeon (7/15)             Temple (1/1) D:4           Sewer (visited)

Altars:
Ashenzari
Elyvilon
Fedhas
Okawaru
Zin

Annotations:
D:6 5 runed translucent doors


Innate Abilities, Weirdness & Mutations

You have very sharp teeth.
Your uncanny sense of smell can sniff out nearby items.
Your experience applies equally to all skills.
Your body sometimes deteriorates upon taking damage.
You are frail. (-10% HP)


Message History

You feel sick. The hornet stings you.
You feel yourself slow down.
You feel yourself speed up.
You feel sick. The hornet stings you.
You are more poisoned.
You shrug off the repeated paralysis!
The hornet stings you but does no damage.
You can move again.
Unknown command.
You closely miss the hornet.
The hornet is heavily wounded.
You feel very sick. The hornet stings you!
* * * LOW HITPOINT WARNING * * *
You feel yourself slow down. You block the hornet's attack.
Unknown command.
It was a potion of magic.
Magic courses through your body.
* * * LOW HITPOINT WARNING * * *
You feel very sick. The hornet completely misses you.
The hornet barely misses you.
It was a potion of curing.
You feel better. The hornet closely misses you. The hornet barely misses you.
It was a potion of mutation.
You feel extremely strange.
You feel yourself wasting away.
You feel frail.
You feel yourself speed up. The hornet barely misses you.
The hornet misses you.
You barely miss the hornet.
The hornet is heavily wounded.
The hornet stings you!
* * * LOW HITPOINT WARNING * * *
You feel yourself slow down. The hornet barely misses you.
You hit the hornet.
Your weapon exudes an aura of protection.
The hornet is severely wounded.
The hornet stings you but does no damage. x2
The hornet barely misses you.
You sock the hornet!
The hornet is almost dead.
You feel yourself speed up. You block the hornet's attack.
The hornet stings you.
You die...

#.# #.# #####.#
.....#
######..######
#.....>......#
#.####.<####.####
#..#....)..#
#..#.##.##@# #..#
#.##y# #...
..##.# ....
#####.# #... ..#
###.. ..# .## #.


You could see a hornet.

Vanquished Creatures
  Sigmund (D:3)
  An ogre (D:7)
  A kobold brigand (D:6)
  2 necrophages
  4 scorpions
  A bullfrog (D:6)
  4 wights (D:6)
  3 hounds
  3 jellies
  5 orc priests
  Ijyb (D:5)
  Terence (D:2)
  7 iguanas
  15 adders
  4 gnolls (D:4)
  6 river rats (Sewer)
  A shadow imp (D:6)
  3 ufetubi
  6 worms
  3 dart slugs
  9 orcs
  7 bats
  8 endoplasms
  3 giant cockroaches
  5 goblins
  7 hobgoblins
  2 jackals (D:4)
  5 quokkas
  11 ball pythons
  7 frilled lizards
  27 kobolds
  17 rats
180 creatures vanquished.

Notes
Turn   | Place    | Note
-------+----------+-------------------------------------------
     0 | D:1      | Jase the Gnoll Wanderer began the quest for the Orb.
     0 | D:1      | Jase set off with the following items: a +2 spear, a +0
                  | buckler, a potion of attraction, a +0 robe; and the
                  | following spell memorised: Shock; and the following spells
                  | available to memorise: Swiftness.
     0 | D:1      | Reached XP level 1. HP: 17/17 MP: 4/4
   122 | D:1      | Reached XP level 2. HP: 23/23 MP: 3/5
   368 | D:1      | Found a faded altar of an unknown god.
   389 | D:1      | Prayed at the altar of an unknown god.
   389 | D:1      | Became a worshipper of Warmaster Okawaru
   389 | D:1      | Reached * piety under Okawaru
   768 | D:1      | Reached XP level 3. HP: 28/28 MP: 1/7
  1167 | D:2      | Noticed Terence
  1181 | D:2      | Killed Terence
  1182 | D:2      | Reached skill level 1 in Short Blades
  1182 | D:2      | Reached skill level 1 in Long Blades
  1182 | D:2      | Reached skill level 1 in Axes
  1182 | D:2      | Reached skill level 1 in Maces & Flails
  1182 | D:2      | Reached skill level 1 in Staves
  1182 | D:2      | Reached skill level 1 in Ranged Weapons
  1182 | D:2      | Reached skill level 1 in Throwing
  1182 | D:2      | Reached skill level 1 in Armour
  1182 | D:2      | Reached skill level 1 in Dodging
  1182 | D:2      | Reached skill level 1 in Stealth
  1182 | D:2      | Reached skill level 1 in Unarmed Combat
  1182 | D:2      | Reached skill level 1 in Invocations
  1182 | D:2      | Reached skill level 1 in Evocations
  1182 | D:2      | Reached XP level 4. HP: 23/34 MP: 5/8
  1672 | D:2      | Reached skill level 1 in Conjurations
  1672 | D:2      | Reached skill level 1 in Hexes
  1672 | D:2      | Reached skill level 1 in Summonings
  1672 | D:2      | Reached skill level 1 in Necromancy
  1672 | D:2      | Reached skill level 1 in Translocations
  1672 | D:2      | Reached skill level 1 in Transmutations
  1672 | D:2      | Reached skill level 1 in Fire Magic
  1672 | D:2      | Reached skill level 1 in Ice Magic
  1672 | D:2      | Reached skill level 1 in Earth Magic
  1672 | D:2      | Reached skill level 1 in Poison Magic
  2658 | D:3      | Identified the +10 mace "Giqil" {protect, rC+ rN+ Will+}
  2827 | D:3      | Noticed Sigmund
  2846 | D:3      | HP: 1/34 [Sigmund/+0 scythe (5)]
  2848 | D:3      | Killed Sigmund
  2848 | D:3      | Reached ** piety under Okawaru
  2849 | D:3      | Reached XP level 5. HP: 1/41 MP: 6/10
  2849 | D:3      | Reached XP level 6. HP: 1/47 MP: 6/11
  3390 | D:4      | Found a staircase to the Ecumenical Temple.
  3522 | D:4      | Found a glowing drain.
  3551 | Sewer    | Entered a sewer
  4098 | Sewer    | Reached XP level 7. HP: 50/52 MP: 6/12
  4795 | D:4      | Learned a level 3 spell: Swiftness
  5825 | Temple   | Entered the Ecumenical Temple
  5859 | D:5      | Entered Level 5 of the Dungeon
  6118 | D:5      | Reached *** piety under Okawaru
  6119 | D:5      | Reached XP level 8. HP: 56/60 MP: 8/14
  6471 | D:5      | Noticed Ijyb
  6477 | D:5      | Killed Ijyb
  6906 | D:5      | Found a glowing silver altar of Zin.
  7549 | D:6      | Found the +9 staff of Olgreb {rPois∞}
  7552 | D:6      | Found a runed translucent door.
  7594 | D:6      | Found a runed translucent gate.
  7594 | D:6      | Found a runed translucent gate.
  7770 | D:6      | Reached skill level 5 in Air Magic
  7831 | D:6      | Reached XP level 9. HP: 62/66 MP: 13/16
  7941 | D:6      | Found a runed translucent door.
  7947 | D:6      | Found a runed translucent gate.
  8194 | D:6      | Received a gift from Okawaru
  8195 | D:6      | Reached skill level 5 in Spellcasting
  8195 | D:6      | Reached **** piety under Okawaru
  8215 | D:6      | Learned a level 2 spell: Passwall
  8557 | D:7      | Noticed a hornet
  8717 | D:7      | Paralysed by a hornet for 2 turns
  8723 | D:7      | Gained mutation: Your body sometimes deteriorates upon
                  | taking damage. [potion of mutation]
  8723 | D:7      | Gained mutation: You are frail. (-10% HP) [potion of
                  | mutation]
  8726 | D:7      | Slain by a hornet

Illustrated notes

Levels and vault maps discovered:
D:1:      onia_arrival_handbag, layout_basic, ebering_ecumenical_altar_rust
D:2:      layout_basic, serial_forest, infiniplex_forest_lined_2,
          infiniplex_forest_lined_2, infiniplex_forest_lined_room_,
          infiniplex_forest_3_way, infiniplex_forest_straight_4,
          infiniplex_forest_straight_4, infiniplex_forest_clump_curved,
          uniq_terence
D:3:      layout_loops_cross, uniq_sigmund
D:4:      layout_gridville, temple_statues, cheibrodos_sewer_entry_bend
D:5:      layout_basic, old_standard_altar, kennysheep_generic_room_7, uniq_ijyb
D:6:      layout_basic, minmay_guarded_unrand_staff_of_olgreb
D:7:      layout_loops_ring
Temple:   nicolae_temple_bog_church

Skill      XL: |  1  2  3  4  5  6  7  8  9 |
---------------+----------------------------+-----
Short Blades   | 1 2 3 4 |  4.1
Long Blades    | 1 2 3 4 |  4.1
Axes           | 1 2 3 4 |  4.1
Maces & Flails | 1 2 3 4 |  4.1
Staves         | 1 2 3 4 |  4.1
Ranged Weapons | 1 2 3 4 |  4.1
Throwing       | 1 2 3 4 |  4.1
Armour         | 1 2 3 4 |  4.1
Dodging        | 1 2 3 4 |  4.1
Stealth        | 1 2 3 4 |  4.1
Unarmed Combat | 1 2 3 4 |  4.1
Invocations    | 1 2 3 4 |  4.5
Evocations     | 1 2 3 4 |  4.1
Spellcasting   | 3 4 5 |  5.0
Conjurations   | 1 2 3 |  3.4
Hexes          | 1 2 3 |  3.4
Summonings     | 1 2 3 |  3.4
Necromancy     | 1 2 3 |  3.4
Translocations | 1 2 3 |  3.4
Transmutations | 1 2 3 |  3.4
Fire Magic     | 1 2 3 |  3.4
Ice Magic      | 1 2 3 |  3.4
Earth Magic    | 1 2 3 |  3.4
Poison Magic   | 1 2 3 |  3.4
Fighting       | 3 4 |  4.9
Air Magic      | 4 5 |  5.1
Polearms       | 7 |  7.8
Shields        | 7 |  7.8

Action                   |  1- 3 |  4- 6 |  7- 9 || total
-------------------------+-------+-------+-------++-------
Melee: Spear             |    35 |    18 |       ||    53
       Bite              |     4 |     5 |    14 ||    23
       Mace              |       |    50 |   137 ||   187
       Dagger            |       |     8 |       ||     8
 Cast: Shock             |    47 |   115 |   197 ||   359
Invok: Heroism           |       |     1 |     1 ||     2
  Use: Scroll            |       |     4 |     2 ||     6
       Potion            |       |       |     3 ||     3
 Stab: Sleeping          |     1 |     1 |     1 ||     3
Armor: Robe              |     5 |    15 |    34 ||    54
       Leather armour    |       |       |     4 ||     4
Dodge: Dodged            |     9 |    15 |    68 ||    92
Block: Buckler           |     2 |    14 |    34 ||    50
